 Dungeon Crawl Stone Soup version 0.16.1-4-g8e1b745 (webtiles) character file.

960 Tolias the Basher (level 8, -3/83 HPs)
             Began as an Ogre Summoner on Mar 26, 2015.
             Slain by a gnoll
             ... wielding a +2 halberd of electrocution
              (12 damage)
             ... in a bailey.
             The game lasted 00:18:41 (8067 turns).

Tolias the Basher (Ogre Summoner)                   Turns: 8067, Time: 00:18:41

Health: -3/83      AC:  6    Str: 14    XL:     8   Next: 14%
Magic:  14/14      EV: 10    Int: 14    God:
Gold:   76         SH:  0    Dex: 12    Spells: 1 memorised, 10 levels left

rFire  . . .     SeeInvis .     a - +1 flail
rCold  . . .     Clarity  .     q - +0 robe
rNeg   + . .     SustAb   .     (shield restricted)
rPois  .         Gourm    +     (helmet restricted)
rElec  .         Spirit   .     m - +2 cloak
rCorr  .         Warding  .     (gloves unavailable)
rMut   .         Stasis   .     (boots unavailable)
MR     .....                    E - amulet of the gourmand
Stlth  +.........               (no ring)
                                B - ring of positive energy

@: confused, very slightly contaminated, invisible, not resistant to hostile
enchantments, very unstealthy
A: unfitting armour, tough skin 1
a: no special abilities


You were in a bailey.
You were full.

You visited 2 branches of the dungeon, and saw 8 of its levels.
You also visited: Bailey.

You collected 286 gold pieces.
You spent 210 gold pieces at shops.

Inventory:

Hand weapons
 a - a +1 flail (weapon)
 d - a +0 dagger
 e - a +2 short sword of venom
 h - a +0 club
 p - a +1 vampiric spear {!w}
Missiles
 l - a tomahawk of returning
 v - 3 curare-tipped needles
 w - a stone (quivered)
 y - a tomahawk
 F - 15 poisoned needles
Armour
 m - a +2 cloak (worn)
 q - a +0 robe (worn)
Jewellery
 g - an uncursed ring of fire
 B - a ring of positive energy (left hand)
 E - an amulet of the gourmand (around neck)
Magical devices
 i - a wand of disintegration (12)
 s - a wand of lightning (10)
Scrolls
 f - 2 scrolls of fog
 k - a scroll of summoning {unknown}
 o - 5 scrolls of remove curse
 r - 2 scrolls of teleportation
 G - a scroll of recharging {unknown}
Potions
 x - a potion of heal wounds {unknown}
 C - a potion of might {unknown}
Books
 b - a book of Callings

   Spells                             Type                      Level
   a - Summon Small Mammal            Summoning                    1
   b - Call Imp                       Summoning                    2
   c - Call Canine Familiar           Summoning                    3
   d - Summon Guardian Golem          Hexes/Summoning              4
   e - Summon Lightning Spire         Summoning/Air                4
   f - Summon Ice Beast               Ice/Summoning                4
Comestibles
 c - 5 meat rations
 j - a beef jerky
 t - 3 fruits
 A - 3 bread rations
 D - a slice of pizza


   Skills:
 + Level 6.2 Fighting
 - Level 8.8 Maces & Flails
 - Level 1.7 Dodging
 - Level 1.5 Stealth
 - Level 2.4 Spellcasting
 - Level 2.9 Summonings
 + Level 2.9 Evocations


You had 10 spell levels left.
You knew the following spells:

 Your Spells              Type           Power        Failure   Level  Hunger
e - Summon Small Mammal   Summ           ##..         10%         1    #......


Dungeon Overview and Level Annotations

Branches:
Dungeon (7/15)             Temple (1/1) D:4

Altars:
Ashenzari
Elyvilon
Fedhas
Kikubaaqudgha
Nemelex Xobeh
Okawaru
Qazlal
Ru
Sif Muna
Trog
Vehumet
Yredelemnul
Zin

Shops:
D:7 *

Annotations:
D:3 1 exclusion, EmilioHeskey's ghost, average VSAs
D:4 Prince Ribbit
D:7 Dowan; Duvessa; Eustachio


Innate Abilities, Weirdness & Mutations

You are too large for most types of armour.
You have tough skin (AC +1).


Message History

Okay, then.
Unknown command.
The kobold throws a tomahawk of returning.
The tomahawk of returning barely misses the gnoll.
The weapon returns to the kobold!
There is an open door here.
You see here a tomahawk of returning.
Drink which item? (? for menu, Esc to quit)
Okay, then.
Unknown command.
The hobgoblin throws a tomahawk of returning.
The weapon returns to the hobgoblin!
There is an empty arch of ancient stone, spattered with blood here.
Drink which item? (? for menu, Esc to quit)
You are confused.
You feel invigorated.
The gnoll hits you with a halberd of electrocution.
* * * LOW HITPOINT WARNING * * *
You are electrocuted!
You die...

### # ##@#
#'##'##g##
#...(g##
#.....#
#.'..∩K('
###...g.##
#.....#
#'##'##' #
#. #


You could see 2 gnolls, a hobgoblin and a kobold.

Vanquished Creatures
  A human (D:7)
  A centaur (D:6)
  A scorpion (D:5)
  A jelly (D:7)
  2 hounds
  A centaur skeleton (D:4)
  2 giant frog skeletons
  2 orc wizards (D:5)
  2 iguanas (D:5)
  3 worker ants
  Natasha (thrice) (D:6)
  3 sheep (D:7)
  A killer bee zombie (D:6)
  Ijyb (D:6)
  A hound skeleton (D:5)
  A worker ant zombie (D:5)
  4 adders
  5 gnolls
  3 worms
  4 giant geckos
  7 orcs
  5 giant cockroaches
  12 hobgoblins
  8 jackals
  3 ball pythons
  8 bats
  3 giant newts
  11 goblins
  A jackal skeleton (D:2)
  9 kobolds
  7 rats
116 creatures vanquished.

Vanquished Creatures (collateral kills)
  2 gnolls
  A worm (D:2)
  A hobgoblin (D:2)
  A quokka (D:3)
  A bat (D:3)
  A kobold (D:1)
7 creatures vanquished.

Vanquished Creatures (others)
  A hobgoblin (D:6)
  3 quokkas (D:2)
  13 bats
  A kobold (Bailey)
  14 rats
32 creatures vanquished.

Grand Total: 155 creatures vanquished

Notes
Turn   | Place    | Note
--------------------------------------------------------------
     0 | D:1      | Tolias, the Ogre Summoner, began the quest for the Orb.
     0 | D:1      | Reached XP level 1. HP: 16/16 MP: 3/3
    40 | D:1      | Reached skill level 1 in Fighting
   214 | D:1      | Reached XP level 2. HP: 22/28 MP: 5/5
   258 | D:1      | Reached skill level 1 in Maces & Flails
   875 | D:2      | Found a sacrificial altar of Ru.
   916 | D:2      | Reached XP level 3. HP: 25/35 MP: 3/6
  1040 | D:2      | Reached skill level 3 in Maces & Flails
  1298 | D:2      | Reached skill level 4 in Maces & Flails
  1298 | D:2      | Reached XP level 4. HP: 25/42 MP: 4/8
  1960 | D:3      | HP: 2/42 [poisoned by an adder]
  1978 | D:3      | Noticed EmilioHeskey's ghost (average VSAs)
  2012 | D:2      | HP: 1/42 [hobgoblin/club (4)]
  2737 | D:3      | Found a shattered altar of Ashenzari.
  2772 | D:3      | Reached skill level 5 in Maces & Flails
  2820 | D:3      | Reached XP level 5. HP: 12/49 MP: 6/9
  3869 | D:4      | Reached skill level 6 in Maces & Flails
  3880 | D:4      | Noticed Prince Ribbit
  3972 | D:4      | Found a staircase to the Ecumenical Temple.
  3987 | Temple   | Entered the Ecumenical Temple
  4521 | D:4      | Reached skill level 7 in Maces & Flails
  4521 | D:4      | Reached XP level 6. HP: 41/57 MP: 11/11
  4634 | D:5      | Entered Level 5 of the Dungeon
  4815 | D:5      | Found a blossoming altar of Fedhas.
  5796 | D:5      | Reached skill level 8 in Maces & Flails
  5822 | D:5      | Reached XP level 7. HP: 40/67 MP: 12/12
  6125 | D:6      | Noticed Natasha
  6862 | D:6      | Noticed Ijyb
  6875 | D:6      | Killed Ijyb
  6936 | D:6      | Found a stormy altar of Qazlal.
  7004 | D:6      | Killed Natasha
  7004 | D:6      | Reached skill level 1 in Evocations
  7273 | D:6      | Found a deep blue altar of Sif Muna.
  7374 | D:6      | Noticed Natasha
  7383 | D:6      | Killed Natasha
  7607 | D:6      | Noticed Natasha
  7618 | D:6      | Killed Natasha
  7638 | D:7      | Noticed a human
  7670 | D:7      | Killed a human
  7670 | D:7      | Reached skill level 5 in Fighting
  7676 | D:7      | Reached XP level 8. HP: 34/83 MP: 14/14
  7770 | D:7      | Found Hetoem's Elemental Accessories.
  7778 | D:7      | Bought a wand of lightning (10) for 210 gold pieces
  7832 | D:7      | Noticed Eustachio
  8015 | D:7      | Noticed Duvessa
  8016 | D:7      | Noticed Dowan
  8021 | D:7      | Found a flagged portal.
  8038 | Bailey   | Entered a bailey
  8067 | Bailey   | Slain by a gnoll

Action                   |  1- 3 |  4- 6 |  7- 9 || total
-------------------------+-------+-------+-------++-------
Melee: Short sword       |    60 |       |       ||    60
       Unarmed           |     3 |       |       ||     3
       Flail             |     9 |   261 |   149 ||   419
Throw: Stone             |       |     3 |     2 ||     5
 Cast: Summon Small Mamm |    36 |    34 |       ||    70
Evoke: Wand              |       |       |     1 ||     1
  Use: Potion            |     1 |     1 |     2 ||     4
       Scroll            |     1 |     3 |     8 ||    12
 Stab: Distracted        |       |     3 |       ||     3
       Sleeping          |       |     2 |       ||     2
       Invisible         |       |       |     1 ||     1
  Eat: Chunk             |     2 |    14 |    14 ||    30
       Beef jerky        |       |     1 |       ||     1
